 Dungeon Crawl Stone Soup version 0.29-a0-1008-g949cc1d0fb (webtiles) character file.

Game seed: 7814070348039976046

40230 Armakuni the Demon Slayer (level 13, -7/113 HPs)
             Began as a Red Draconian Transmuter on July 30, 2022.
             Was a High Priest of the Shining One.
             Engulfed by an ice statue's freezing vapour (35 damage)
             ... on level 13 of the Dungeon on Aug 7, 2022.
             The game lasted 00:50:35 (19419 turns).

Armakuni the Demon Slayer (DrTm)                   Turns: 19419, Time: 00:50:36

Health: -7/113     AC: 14    Str: 25    XL:     13   Next: 73%
Magic:  22/22      EV: 18    Int: 18    God:    the Shining One [*****.]
Gold:   1651       SH:  0    Dex: 11    Spells: 7/22 levels left

rFire   + + .      SeeInvis .     - Unarmed
rCold   . . .      Faith    +   (no shield)
rNeg    + + .      Spirit   .   (body armour unavailable)
rPois   +          Reflect  .   t - +1 hat of Puotz {rPois Str+3}
rElec   .          Harm     .   l - +1 cloak
rCorr   .          Rampage  .   (no gloves)
Will    .....                   w - +2 pair of boots {Fly}
Stlth   +.........              U - amulet of faith
HPRegen 0.28/turn               A - +4 ring of evasion
MPRegen 0.18/turn               V - +6 ring of strength

@: flying, slowed, glowing, very slow
A: breathe fire, AC +8, unfitting armour, fire resistance 2, cold-blooded,
strong 1
a: Breathe Fire, Renounce Religion, Divine Shield, Cleansing Flame, Summon
Divine Warrior


You were on level 13 of the Dungeon.
You worshipped the Shining One.
The Shining One was extremely pleased with you.
You visited 2 branches of the dungeon, and saw 14 of its levels.
You also visited: Bailey and Gauntlet.

You collected 1927 gold pieces.
You spent 276 gold pieces at shops.

Inventory:

Hand Weapons
 b - the +9 war axe "Ziupnor" {elec, Int+7}
   (You found it in a bailey)

   It occasionally discharges a powerful burst of electricity upon striking a
   foe.
   Int:       It affects your intelligence (+7).
 e - a +0 lajatang
Missiles
 H - 2 throwing nets
 Q - 18 curare-tipped darts
Armour
 l - a +1 cloak (worn)
 t - the +1 hat of Puotz (worn) {rPois Str+3}
   (You found it in a Gauntlet)

   Str:       It affects your strength (+3).
   rPois:     It protects you from poison.
 w - a +2 pair of boots of flying (worn)
Jewellery
 A - a +4 ring of evasion (left hand)
 U - an amulet of faith (around neck)
 V - a +6 ring of strength (right hand)
Wands
 i - a wand of digging (6)
 j - a wand of iceblast (23)
 m - a wand of mindburst (21)
 n - a wand of polymorph (16)
 o - a wand of light (5)
 p - a wand of paralysis (33)
 B - a wand of flame (60)
Scrolls
 f - 6 scrolls of poison
 g - 6 scrolls of teleportation
 h - 4 scrolls of amnesia
 q - 2 scrolls of magic mapping
 s - a scroll of immolation
 v - a scroll of enchant weapon
 D - a scroll of fear
 E - a scroll of vulnerability
 I - 2 scrolls of identify
 L - 2 scrolls of enchant armour
 P - a scroll of noise
Potions
 a - 5 potions of lignification
 c - a potion of heal wounds
 d - 7 potions of curing
 k - 2 potions of flight
 r - 3 potions of mutation
 u - a potion of magic
 x - 3 potions of cancellation
 y - 6 potions of haste
 z - a potion of invisibility
 C - a potion of resistance {unknown}
 F - 3 potions of might
 G - a potion of experience {unknown}
 M - a potion of attraction
 O - 2 potions of brilliance {unknown}
Miscellaneous
 K - a box of beasts


   Skills:
 - Level 10.0 Fighting
 + Level 7.6 Dodging
 + Level 11.7 Unarmed Combat
 - Level 5.0 Spellcasting
 - Level 12.0 Transmutations
 - Level 3.0 Poison Magic
 - Level 12.0 Invocations
 - Level 5.0 Evocations


You had 7 spell levels left.
You knew the following spells:

 Your Spells              Type           Power      Damage    Failure   Level
a - Beastly Appendage     Tmut           94%        N/A       1%          1
h - Spider Form           Tmut/Pois      31%        N/A       1%          3
n - Ice Form              Ice/Tmut       26%        N/A       11%         4
w - Wereblood             Tmut           47%        N/A       1%          2
z - Blade Hands           Tmut           23%        N/A       2%          5

Your spell library contained the following spells:

 Spells                   Type           Power      Damage    Failure   Level
 Passwall                 Tmut/Erth      21%        N/A       1%          2
 Ignite Poison            Fire/Tmut/Pois 22%        N/A       4%          3
 Sandblast                Erth           8%         2d5       13%         1
 Slow                     Hex            16%        N/A       13%         1
 Ensorcelled Hibernation  Hex/Ice        8%         N/A       21%         2
 Sublimation of Blood     Necr           4%         N/A       21%         2
 Mephitic Cloud           Conj/Pois/Air  8%         N/A       26%         3
 Confusing Touch          Hex            4%         N/A       36%         3
 Gell's Gravitas          Tloc           4%         N/A       36%         3
 Inner Flame              Hex/Fire       4%         N/A       36%         3
 Portal Projectile        Hex/Tloc       8%         N/A       36%         3
 Stone Arrow              Conj/Erth      8%         3d7       36%         3
 Swiftness                Air            4%         N/A       36%         3
 Teleport Other           Tloc           4%         N/A       36%         3
 Tukima's Dance           Hex            4%         N/A       36%         3
 Vampiric Draining        Necr           4%         2d6       36%         3
 Cause Fear               Hex            2%         N/A       78%         4
 Summon Ice Beast         Ice/Summ       4%         N/A       78%         4
 Freezing Cloud           Conj/Ice/Air   2%         6-21      98%         5
 Summon Mana Viper        Hex/Summ       4%         N/A       98%         5
 Dispersal                Tloc           2%         N/A       100%        6
 Monstrous Menagerie      Summ           2%         N/A       100%        7
 Summon Hydra             Summ           2%         N/A       100%        7
 Discord                  Hex            2%         N/A       100%        8


Dungeon Overview and Level Annotations

Branches:
Dungeon (13/15)            Temple (1/1) D:5            Lair (0/5) D:10
    Orc (0/2) D:10         Vaults (0/5) D:13         Bailey (visited)
Gauntlet (visited)

Altars:
Ashenzari
Cheibriados
Dithmenos
Elyvilon
Fedhas
Gozag
Hepliaklqana
Kikubaaqudgha
Makhleb
Nemelex Xobeh
Okawaru
Qazlal
Ru
Sif Muna
Trog
Uskayaw
Vehumet
Wu Jian
Xom
Yredelemnul
Zin
The Shining One

Shops:
D:4 =   D:5 *   D:7 [*   D:8 *   D:10 !   D:11 [

Annotations:
D:10 3 runed translucent doors
D:13 exclusion: ice statue


Innate Abilities, Weirdness & Mutations

You can breathe blasts of fire.
Your fiery red scales are hard. (AC +8)
You cannot fit into any form of body armour.
Your flesh is very heat resistant. (rF++)
You are cold-blooded and may be slowed by cold attacks.
Your muscles are strong. (Str +4, Int/Dex -1)


Message History

You slash the vault guard!!
You kill the vault guard!
No target in view!
(D) Dungeon (T) Temple (L) Lair (O) Orcish Mines (V) Vaults
Where to? (Enter - D:13 @ (x,y), ? - help)
Okay, then.
Things that are here:
a +1 war axe; a +0 chain mail; a human corpse A vault guard is nearby!
The vault guard shouts!
The vault guard barely misses you.
The vault guard hits you with a +0 bardiche.
You slice the vault guard!!
You tail-slap the vault guard, but do no damage.
The vault guard is moderately wounded.
The vault guard misses you.
You shred the vault guard!!!
The vault guard is almost dead.
The vault guard hits you with a +0 bardiche!
You hit the vault guard but do no damage.
The vault guard is almost dead.
The vault guard barely misses you.
You slice the vault guard!!
You kill the vault guard!
No target in view!
Search for what [? for help]? dragon Can't find anything matching that.
Your transformation is almost over.
Really fly into a travel-excluded area?
The ice statue gestures at you. The shard of ice hits you!!
A seven-headed hydra comes into view.
Your hands revert to their normal proportions.
The ice statue gestures at you. The freezing blast engulfs you!!
You are engulfed in freezing vapours.
You feel yourself slow down.
* * * LOW HITPOINT WARNING * * *
You are engulfed in freezing vapours.
You die...

......#......# #..........
......#......# #..........
......'......##########..........
#######..........................
..............<................##
......###+#....................#
......#...'...........#######..#
......#...#.##⌠...⌠##.# #..#
......#...#.##..@..##.# #..#
......#####.##.○○○.##.# #..#
............##.☼○°.##.# #..#
............##.○D○.##.#######..#
....#####..>##.....##..........#
....# #...##≈≈≈≈≈##.....^....##
....# #...##≈≈8≈≈##............
....# #...##≈≈≈≈≈##............
....# #...##.....##............


You could see an ice statue and a seven-headed hydra.

Vanquished Creatures
  A cacodemon (Gauntlet)
  A minotaur (Gauntlet)
  The ghost of gabibbone the Frost Mage, a journeyman OpIE of Vehumet (D:11)
  2 hydras (D:11)
  2 boulder beetles
  A death knight (D:13)
  2 centaur warriors
  8 vault guards (D:13)
  2 two-headed ogres
  3 tengu warriors
  5 skeletal warriors
  A phantasmal warrior (D:13)
  2 orc knights (Bailey)
  A deep elf pyromancer (D:13)
  2 manticores
  5 cyclopes
  An ice statue (D:10)
  2 gargoyles
  An unseen horror (D:11)
  Psyche (D:10)
  3 komodo dragons
  6 kobold demonologists
  A freezing wraith (D:13)
  3 trolls
  A hornet (D:7)
  A slime creature (D:7)
  2 vampires
  2 wraiths
  2 shadows (D:11)
  2 wyverns
  3 fire elementals (Gauntlet)
  21 yaks
  2 neqoxecs (Gauntlet)
  2 steam dragons
  5 vampire mosquitoes (D:12)
  4 water moccasins
  2 hell hounds (Gauntlet)
  13 orc warriors
  3 black bears
  2 ice beasts
  7 centaurs
  13 kobold brigands
  7 bullfrogs
  A gnoll sergeant (D:5)
  4 necrophages
  A scorpion (D:10)
  7 wights
  22 killer bees
  9 electric eels
  11 howler monkeys
  4 jellies
  Crazy Yiuf (D:7)
  14 orc priests
  A gnoll bouda (D:8)
  2 hounds
  Jessica (D:3)
  4 iguanas
  18 orc wizards
  Ijyb (D:3)
  21 gnolls
  9 adders
  A shadow imp (D:7)
  2 white imps
  3 ufetubi
  3 worms
  A dart slug (D:4)
  39 orcs
  8 endoplasms
  A giant cockroach (D:4)
  10 hobgoblins
  2 jackals (D:1)
  A quokka (D:1)
  5 ball pythons
  3 bats
  5 frilled lizards
  13 goblins
  14 kobolds
  5 rats
398 creatures vanquished.

Vanquished Creatures (others)
  28 fungi
  45 plants
73 creatures vanquished.

Grand Total: 471 creatures vanquished

Notes
Turn   | Place    | Note
-------+----------+-------------------------------------------
     0 | D:1      | Armakuni the Draconian Transmuter began the quest for the
                  | Orb.
     0 | D:1      | Reached XP level 1. HP: 16/16 MP: 3/3
   277 | D:1      | Reached XP level 2. HP: 20/24 MP: 3/5
   619 | D:1      | Found a faded altar of an unknown god.
   909 | D:1      | Learned a level 2 spell: Wereblood
  1071 | D:1      | Reached XP level 3. HP: 11/30 MP: 3/6
  1585 | D:1      | Learned a level 3 spell: Spider Form
  1966 | D:2      | Reached skill level 1 in Poison Magic
  2426 | D:3      | Noticed Jessica
  2427 | D:3      | Killed Jessica
  2428 | D:3      | Reached XP level 4. HP: 37/37 MP: 7/7
  2806 | D:3      | Reached XP level 5. HP: 39/42 MP: 5/8
  2994 | D:3      | Identified the +0 helmet of Sif Muna's Supremacy {rElec rN+
                  | Int+3 Slay+3}
  3458 | D:3      | Noticed Ijyb
  3468 | D:3      | Killed Ijyb
  3652 | D:4      | Found Repni's Jewellery Shop.
  3722 | D:4      | Paralysed by a kobold for 2 turns
  3728 | D:4      | Paralysed by a kobold for 2 turns
  3948 | D:3      | Upgraded the game from 0.29-a0-962-gc8bbfd0a37 to
                  | 0.29-a0-973-gac7da5f7f0
  4564 | D:5      | Entered Level 5 of the Dungeon
  4595 | D:5      | Reached XP level 6. HP: 7/50 MP: 2/10
  4841 | D:5      | Noticed an ice beast
  4853 | D:5      | Killed an ice beast
  5077 | D:5      | Reached skill level 5 in Transmutations
  5077 | D:5      | Reached skill level 1 in Evocations
  5344 | D:5      | Your scales start taking on a fiery red colour.
  5344 | D:5      | Reached XP level 7. HP: 33/56 MP: 8/11
  5344 | D:5      | Gained mutation: Your flesh is heat resistant. (rF+) [Red
                  | Draconian growth]
  5632 | D:5      | Found an iron altar of Okawaru.
  5632 | D:5      | Found a stormy altar of Qazlal.
  5633 | D:5      | Found a sparkling altar of Nemelex Xobeh.
  5633 | D:5      | Found an ornate altar of the Wu Jian Council.
  5633 | D:5      | Found a hide-covered altar of Uskayaw.
  5633 | D:5      | Found a shimmering blue altar of Sif Muna.
  5634 | D:5      | Found a shimmering altar of Xom.
  5645 | D:5      | Found Ubynacew's General Store.
  5855 | D:5      | Found a staircase to the Ecumenical Temple.
  5863 | Temple   | Entered the Ecumenical Temple
  5926 | Temple   | Became a worshipper of the Shining One
  5998 | D:5      | Learned a level 4 spell: Ice Form
  6902 | D:6      | Reached skill level 5 in Unarmed Combat
  6902 | D:6      | Reached XP level 8. HP: 67/67 MP: 12/12
  7680 | D:7      | Found Qerruty's Armour Emporium.
  7729 | D:7      | Found a flagged portal.
  7759 | D:7      | Noticed a hornet
  7763 | D:7      | Killed a hornet
  7764 | D:7      | Reached skill level 5 in Fighting
  7781 | Bailey   | Entered a bailey
  8051 | Bailey   | Noticed an orc knight
  8051 | Bailey   | Noticed an orc knight
  8060 | Bailey   | Killed an orc knight
  8061 | Bailey   | Reached XP level 9. HP: 78/78 MP: 13/13
  8064 | Bailey   | Killed an orc knight
  8214 | Bailey   | Noticed a kobold demonologist
  8241 | Bailey   | Killed a kobold demonologist
  8585 | Bailey   | Acquired 569 gold pieces
  8587 | Bailey   | Acquired a +2 pair of boots of flying
  8594 | Bailey   | Acquired 384 gold pieces
  8596 | Bailey   | Acquired a book of Weapons
  8600 | Bailey   | Upgraded the game from 0.29-a0-973-gac7da5f7f0 to
                  | 0.29-a0-997-gf6f7e2dfe7
  8998 | Bailey   | Noticed a kobold demonologist
  9015 | Bailey   | Killed a kobold demonologist
  9015 | Bailey   | Reached * piety under the Shining One
  9109 | Bailey   | Found an iron altar of Okawaru.
  9155 | Bailey   | Identified the +9 war axe "Ziupnor" {elec, Int+7}
  9210 | D:7      | Reached XP level 10. HP: 28/91 MP: 14/14
  9276 | D:7      | Found Neequf's Overcharged Wands.
 10014 | D:7      | Identified the +5 falchion of Famine {flame, Str+3}
 10082 | D:7      | Reached skill level 10 in Fighting
 10264 | D:7      | Found a runed translucent door.
 10265 | D:7      | Noticed Crazy Yiuf
 10271 | D:7      | Killed Crazy Yiuf
 10476 | D:7      | Upgraded the game from 0.29-a0-997-gf6f7e2dfe7 to
                  | 0.29-a0-1006-g0dd7720b37
 10513 | D:8      | Reached ** piety under the Shining One
 10520 | D:8      | Noticed a cyclops
 10537 | D:8      | Killed a cyclops
 10538 | D:8      | Reached skill level 10 in Unarmed Combat
 10707 | D:7      | Reached skill level 5 in Dodging
 11003 | D:8      | Found Okenuwne's General Store.
 11026 | D:8      | Upgraded the game from 0.29-a0-1006-g0dd7720b37 to
                  | 0.29-a0-1008-g949cc1d0fb
 11077 | D:8      | Learned a level 5 spell: Blade Hands
 11735 | D:9      | Found a shadowy altar of Dithmenos.
 12096 | D:9      | Reached *** piety under the Shining One
 12102 | D:9      | Reached XP level 11. HP: 99/99 MP: 9/15
 12515 | D:9      | Identified the +1 sling "Xoxkisk" {freeze, Str+4}
 12628 | D:10     | Entered Level 10 of the Dungeon
 12704 | D:10     | Found a staircase to the Lair.
 12795 | D:10     | Noticed Psyche
 12806 | D:10     | Killed Psyche
 12981 | D:10     | Identified the +5 ring mail of the Solstice {rF+ rCorr}
 13156 | D:10     | Found a staircase to the Orcish Mines.
 13170 | D:10     | Reached skill level 10 in Transmutations
 13194 | D:10     | Reached skill level 5 in Spellcasting
 13382 | D:10     | Found a runed translucent door.
 13395 | D:10     | Found a runed translucent door.
 13439 | D:10     | Found a runed translucent door.
 13454 | D:10     | Found a runed translucent door.
 13523 | D:10     | Found Ibukk's Distillery.
 13531 | D:10     | Bought a potion of curing for 36 gold pieces
 13531 | D:10     | Bought a potion of degeneration for 12 gold pieces
 13531 | D:10     | Bought a potion of attraction for 36 gold pieces
 13534 | D:10     | Bought a potion of mutation for 96 gold pieces
 13534 | D:10     | Bought a potion of heal wounds for 60 gold pieces
 13536 | D:10     | Bought a potion of curing for 36 gold pieces
 13806 | D:11     | Found Etiohoq's Armour Boutique.
 13852 | D:11     | Found a gate leading to a gauntlet.
 13861 | Gauntlet | Entered a Gauntlet
 13861 | Gauntlet | Reached **** piety under the Shining One
 13861 | Gauntlet | Found a transporter.
 13966 | Gauntlet | Noticed a dire elephant
 13967 | Gauntlet | Found a transporter.
 13984 | Gauntlet | Found a transporter.
 13988 | Gauntlet | Found a transporter.
 14009 | Gauntlet | Found a transporter.
 14023 | Gauntlet | Found a transporter.
 14023 | Gauntlet | Noticed a ghost crab
 14025 | Gauntlet | Noticed a cacodemon
 14037 | Gauntlet | Found a transporter.
 14065 | Gauntlet | Found a transporter.
 14065 | Gauntlet | Found a transporter.
 14071 | Gauntlet | Found a transporter.
 14104 | Gauntlet | Found a transporter.
 14104 | Gauntlet | Found a transporter.
 14330 | Gauntlet | Gained mutation: You do not regenerate when monsters are
                  | visible. [a neqoxec]
 14331 | Gauntlet | Killed a cacodemon
 14338 | Gauntlet | Identified the +1 hat of Puotz {rPois Str+3}
 14419 | Gauntlet | Lost mutation: You do not regenerate when monsters are
                  | visible. [potion of mutation]
 14419 | Gauntlet | Gained mutation: You are dopey. (Int -2) [potion of
                  | mutation]
 14419 | Gauntlet | Gained mutation: You are somewhat resistant to further
                  | mutation. [potion of mutation]
 14420 | Gauntlet | Lost mutation: You are dopey. (Int -2) [potion of mutation]
 14420 | Gauntlet | Lost mutation: You are somewhat resistant to further
                  | mutation. [potion of mutation]
 14420 | Gauntlet | Gained mutation: Your muscles are strong. (Str +4, Int/Dex
                  | -1) [potion of mutation]
 14420 | Gauntlet | Gained mutation: Your flesh is very heat resistant. (rF++)
                  | [potion of mutation]
 14428 | Gauntlet | Noticed a minotaur
 14433 | Gauntlet | Killed a minotaur
 14434 | Gauntlet | Reached skill level 5 in Invocations
 14576 | D:11     | Noticed a seven-headed hydra
 14587 | D:11     | Killed a seven-headed hydra
 14588 | D:11     | Reached XP level 12. HP: 52/106 MP: 8/19
 15320 | D:11     | Noticed a five-headed hydra
 15421 | D:11     | Noticed a centaur warrior
 15430 | D:11     | Killed a centaur warrior
 15535 | D:11     | Noticed a tengu warrior
 15555 | D:11     | Killed a tengu warrior
 15794 | D:11     | Killed a five-headed hydra
 15908 | D:11     | Reached skill level 10 in Invocations
 15949 | D:11     | Noticed a two-headed ogre
 15955 | D:11     | Killed a two-headed ogre
 16264 | D:11     | Found a runed translucent gate.
 16267 | D:11     | Noticed gabibbone's ghost (journeyman OpIE)
 16268 | D:11     | Found a runed translucent gate.
 16269 | D:11     | Found a runed translucent gate.
 16321 | D:11     | Noticed a boulder beetle
 16329 | D:11     | Killed a boulder beetle
 16487 | D:11     | Killed gabibbone's ghost
 16834 | D:12     | Reached skill level 5 in Evocations
 16846 | D:12     | Reached XP level 13. HP: 8/113 MP: 13/22
 16850 | D:12     | HP: 2/113 [skeletal warrior/+0 hand axe (7)]
 17317 | D:12     | Reached ***** piety under the Shining One
 18830 | D:13     | Found a shimmering altar of Xom.
 19231 | D:13     | Found a gate to the Vaults.
 19419 | D:13     | Engulfed by an ice statue's freezing vapour

Illustrated notes

Levels and vault maps discovered:
D:1:      lemuel_arrival_tunnels, layout_basic, ebering_ecumenical_altar_hall
D:2:      layout_loops_ring, serial_rivers, chequers_serial_rivers_small_b,
          chequers_serial_rivers_micro_a, chequers_serial_rivers_marsh,
          chequers_serial_rivers_micro_e, chequers_serial_rivers_small_a
D:3:      layout_loops_cross, uniq_ijyb, uniq_jessica
D:4:      layout_rooms, serial_shops, kennysheep_little_box
D:5:      layout_basic, grunt_temple_overflow_open,
          minmay_temple_entry_gardened_gates, serial_shops, shop,
          minmay_misc_feat_tiny
D:6:      layout_layer_cave
D:7:      cheibrodos_two_vegetables, layout_basic, enter_bailey_6, serial_shops,
          nicolae_stop_n_shop_2, nicolae_shop_overcharged_wands,
          uniq_crazy_yiuf_cottage
D:8:      minmay_ornate_pinched, layout_rooms, serial_shops,
          nicolae_inconvenience_store
D:9:      layout_irregular_city, mainiacjoe_overflow_catwalk
D:10:     layout_long_grid, due_lair_maze_entry_diamond, david_orc_3,
          serial_glass, glass_columns_a, glass_columns_a, serial_shops, shop,
          minmay_statue_crystal_thing, uniq_psyche
D:11:     kennysheep_windowed_halls, layout_loops_ring,
          gammafunk_ghost_nasty_kobolds, serial_shops, nicolae_diamond_shop,
          gauntlet_entry_generic
D:12:     layout_basic
D:13:     lemuel_ice_statue, layout_irregular_city, erik_vaults_2,
          xom_teletrap_fun
Temple:   nicolae_temple_two_arcs

Skill      XL: |  1  2  3  4  5  6  7  8  9 10 11 12 13 |
---------------+----------------------------------------+-----
Fighting       | 2 4 6 9 10 | 10.0
Poison Magic   | 1 2 3 |  3.0
Transmutations | 3 4 5 7 11 12 | 12.0
Spellcasting   | 3 5 |  5.0
Evocations     | 1 3 4 5 |  5.0
Unarmed Combat | 5 6 8 10 11 | 11.7
Invocations    | 2 5 12 | 12.0
Dodging        | 3 5 7 |  7.6

Action                   |  1- 3 |  4- 6 |  7- 9 | 10-12 | 13-15 || total
-------------------------+-------+-------+-------+-------+-------++-------
Melee: Unarmed           |   102 |   150 |   186 |   453 |   125 ||  1016
       Kick              |    10 |    38 |    11 |     1 |       ||    60
       Headbutt          |     8 |    18 |     9 |       |       ||    35
       Tailslap          |     7 |    11 |    28 |    81 |    30 ||   157
       Punch             |     1 |     2 |     8 |    29 |    14 ||    54
Throw: Dart              |       |       |       |     1 |       ||     1
 Cast: Beastly Appendage |    23 |    21 |     9 |     1 |       ||    54
       Wereblood         |       |     1 |     2 |     3 |     5 ||    11
       Spider Form       |       |     4 |     5 |       |       ||     9
       Blade Hands       |       |       |       |    32 |    12 ||    44
       Ice Form          |       |       |       |     2 |       ||     2
Invok: Divine Shield     |       |       |       |    11 |     2 ||    13
 Abil: Breathe Fire      |       |       |    15 |    10 |       ||    25
Evoke: Wand              |     1 |     3 |    13 |    13 |     4 ||    34
       Box of beasts     |       |       |       |     1 |       ||     1
  Use: Scroll            |     1 |     7 |     7 |     9 |       ||    24
       Potion            |       |       |       |     7 |     1 ||     8
 Stab: Sleeping          |     1 |       |       |       |       ||     1
       Paralysed         |       |     9 |       |       |       ||     9
Armor: Skin              |    31 |    20 |    52 |   136 |    34 ||   273
Dodge: Dodged            |    56 |    79 |   115 |   301 |    93 ||   644
Block: Other             |       |       |       |    40 |     7 ||    47

Table legend: (Time is in decaauts)
 A = Elapsed time spent in this place.
 B = Non-inter-level travel time spent in this place.
 C = Inter-level travel time spent in this place.
 D = Time resting spent in this place.
 E = Time spent auto-exploring this place.
 F = Levels seen in this place.
 G = Mean time per level.
                   A        B        C        D        E       F      G
               +--------+--------+--------+--------+--------+-----+--------+
         Total |  19304 |  19003 |    301 |   4739 |  10961 |  16 | 1206.5 |
       Dungeon |  17070 |  16775 |    295 |   3945 |  10001 |  13 | 1313.1 |
        Temple |    126 |    120 |      6 |      0 |     93 |   1 |  126.0 |
        Bailey |   1391 |   1391 |      0 |    470 |    606 |   1 | 1391.0 |
      Gauntlet |    716 |    716 |      0 |    324 |    261 |   1 |  716.0 |
               +--------+--------+--------+--------+--------+-----+--------+

Top non-repeatable levels by time:
    D:11: 2621 daAuts
     D:7: 1605 daAuts
     D:1: 1580 daAuts
     D:6: 1424 daAuts
     D:5: 1391 daAuts
  Bailey: 1391 daAuts
     D:4: 1179 daAuts
    D:12: 1156 daAuts
     D:9: 1127 daAuts
    D:10: 1125 daAuts
    D:13: 1118 daAuts
     D:3: 1105 daAuts
     D:2: 857 daAuts
     D:8: 777 daAuts
Gauntlet: 716 daAuts
